 Dungeon Crawl Stone Soup version 0.21.1-1-g345015f (webtiles) character file.

15337 iamserjio the Destroyer (level 12, -4/80 HPs)
             Began as an Octopode Conjurer on Apr 12, 2018.
             Was an Elder of Vehumet.
             Slain by a warg (17 damage)
             ... on level 1 of the Orcish Mines.
             The game lasted 02:12:02 (19359 turns).

iamserjio the Destroyer (Octopode Conjurer)        Turns: 19359, Time: 02:12:02

Health: -4/80      AC:  3    Str:  8    XL:     12   Next: 26%
Magic:  31/33      EV: 16    Int: 22    God:    Vehumet [****..]
Gold:   716        SH:  9    Dex: 16    Spells: 1/27 levels left

rFire    . . .     SeeInvis +   R - +9 dagger of Ciniyh {pierce, +Inv}
rCold    + + .     Gourm    .   q - +2 shield
rNeg     + . .     Faith    +   (helmet restricted)
rPois    .         Spirit   .   g - amulet of faith
rElec    +         Reflect  .   f - +2 ring of protection
rCorr    .         Harm     .   S - ring "Defiufil" {rElec rC++ Dex+4}
MR       .....                  v - ring of magical power
Stlth    +++++.....             (no ring)
HPRegen  0.23/turn              u - ring of the Pariah {rN+ SInv}
MPRegen  0.23/turn              (no ring)
                                (no ring)
                                (no ring)

@: no status effects
A: almost no armour, stealthy swim, amphibious, 8 rings, constrict 8, camouflage
1, gelatinous body 1
a: Renounce Religion, Evoke Invisibility


You were on level 1 of the Orcish Mines.
You worshipped Vehumet.
Vehumet was greatly pleased with you.
You were not hungry.

You visited 4 branches of the dungeon, and saw 14 of its levels.
You also visited: Ossuary.

You collected 986 gold pieces.
You spent 270 gold pieces at shops.

Inventory:

Hand Weapons
 R - the +9 dagger of Ciniyh (weapon) {pierce, +Inv}
   (You found it on level 9 of the Dungeon)

   It inflicts extra damage upon your enemies.
   It lets you turn invisible.
Missiles
 e - 3 throwing nets (quivered)
 D - 191 stones
Armour
 q - a +2 shield (worn)
Magical Staves
 o - an uncursed staff of earth
Jewellery
 f - a +2 ring of protection (left tentacle)
 g - an amulet of faith (around mantle)
 l - an uncursed ring of ice
 u - the ring of the Pariah (on tentacle) {rN+ SInv}
   (You acquired it on level 10 of the Dungeon)

   [ring of see invisible]

   It protects you from negative energy.
   It lets you see invisible.
 v - a ring of magical power (on tentacle)
 x - an uncursed ring of ice
 I - a cursed amulet of inaccuracy {unknown}
 S - the ring "Defiufil" (right tentacle) {rElec rC++ Dex+4}
   (You found it on level 8 of the Dungeon)

   [ring of dexterity]

   It affects your dexterity (+4).
   It greatly protects you from cold.
   It insulates you from electricity.
Wands
 j - a wand of flame (18)
 r - a wand of iceblast (23)
 E - a wand of disintegration (17)
 F - a wand of paralysis (39)
Scrolls
 h - 7 scrolls of teleportation
 k - a scroll of magic mapping
 p - 2 scrolls of immolation
 y - 9 scrolls of remove curse
 J - 2 scrolls of enchant armour
 K - a scroll of amnesia
Potions
 d - a potion of cancellation
 i - 2 potions of magic
 m - 4 potions of flight
 n - 3 potions of brilliance
 s - a potion of ambrosia
 t - 2 potions of lignification
 w - a potion of haste
 B - a potion of mutation
 L - a potion of resistance
 V - a potion of might
 W - a potion of berserk rage {unknown}
Books
 a - a book of Conjurations

   Spells                             Type                      Level
   a - Magic Dart                     Conjuration                  1
   b - Searing Ray                    Conjuration                  2
   c - Dazzling Spray                 Conjuration/Hexes            3
   d - Fulminant Prism                Conjuration/Hexes            4
   e - Force Lance                    Conjuration/Translocation    4
   f - Iskenderun's Mystic Blast      Conjuration                  4
 C - a book of Misfortune

   Spells                             Type                      Level
   a - Confusing Touch                Hexes                        1
   b - Confuse                        Hexes                        3
   c - Gell's Gravitas                Translocation                3
   d - Petrify                        Transmutation/Earth          4
   e - Metabolic Englaciation         Hexes/Ice                    5
   f - Yara's Violent Unravelling     Hexes/Transmutation          5
 M - a book of Minor Magic

   Spells                             Type                      Level
   a - Magic Dart                     Conjuration                  1
   b - Blink                          Translocation                2
   c - Call Imp                       Summoning                    2
   d - Slow                           Hexes                        2
   e - Conjure Flame                  Conjuration/Fire             3
   f - Mephitic Cloud                 Conjuration/Poison/Air       3
 P - a book of Battle

   Spells                             Type                      Level
   a - Infusion                       Charms                       1
   b - Shroud of Golubria             Charms/Translocation         2
   c - Song of Slaying                Charms                       2
   d - Spectral Weapon                Hexes/Charms                 3
   e - Regeneration                   Charms/Necromancy            3
 T - a book of Power

   Spells                             Type                      Level
   a - Iskenderun's Battlesphere      Conjuration/Charms           5
   b - Venom Bolt                     Conjuration/Poison           5
   c - Bolt of Magma                  Conjuration/Fire/Earth       5
   d - Iron Shot                      Conjuration/Earth            6
   e - Orb of Destruction             Conjuration                  7
   f - Spellforged Servitor           Conjuration/Summoning        7
Comestibles
 b - 36 rations


   Skills:
 + Level 6.9 Fighting
 + Level 7.6 Dodging
 - Level 8.0 Stealth
 + Level 1.5 Shields
 + Level 8.3 Spellcasting
 + Level 11.4 Conjurations
 + Level 1.7 Translocations
 * Level 7.4 Fire Magic
 - Level 1.0 Poison Magic


You had one spell level left.
You knew the following spells:

 Your Spells              Type           Power        Failure   Level  Hunger
a - Magic Dart            Conj           ####         1%          1    None
b - Searing Ray           Conj           ######       1%          2    None
c - Dazzling Spray        Conj/Hex       ####..       3%          3    None
d - Iskenderun's Mystic   Conj           ######..     1%          4    ###....
e - Freeze                Ice            #...         11%         1    None
f - Confusing Touch       Hex            #.....       38%         1    None
g - Mephitic Cloud        Conj/Pois/Air  ####....     6%          3    None
h - Blink                 Tloc           N/A          30%         2    None
i - Conjure Flame         Conj/Fire      ######..     1%          3    None
j - Throw Flame           Conj/Fire      ######       1%          2    None
k - Throw Icicle          Conj/Ice       ####....     11%         4    ###....


Dungeon Overview and Level Annotations

Branches:
Dungeon (11/15)            Temple (1/1) D:4            Lair (1/6) D:11
    Orc (1/2) D:10

Altars:
Elyvilon
Kikubaaqudgha
Makhleb
Nemelex Xobeh
Okawaru
Qazlal
Sif Muna
Trog
Uskayaw
Vehumet
Wu Jian
Xom
Yredelemnul
Zin
The Shining One

Shops:
D:4 *   Orc:1 !

Annotations:
Lair:1 exclusion: 2 oklob plants, azzavlup's ghost, novice DsAK


Innate Abilities, Weirdness & Mutations

You cannot wear most types of armour.
You are very stealthy in the water. (Stealth+)
You are amphibious.
You can wear up to eight rings at the same time.
You can use your tentacles to constrict eight enemies at once.
Your skin changes colour to match your surroundings (Stealth+).
Your rubbery body absorbs attacks. (AC +1, EV +1)


Message History

* * * LOW HITPOINT WARNING * * *
Okay, then.
Casting: Mephitic Cloud
Confirm with . or Enter, or press ? or * to list all spells.
Aiming: Mephitic Cloud
Press: ? - help, Shift-Dir - straight line The ball explodes into a vile cloud!
The stinking cloud engulfs the warg.
The warg appears unharmed.
The warg closely misses you.
You feel better. The warg bites you!
* * * LOW HITPOINT WARNING * * *
The ogre is engulfed in noxious fumes.
You block the warg's attack.
You feel better.
The ogre is engulfed in noxious fumes.
The ogre appears confused.
The ogre asks, "Where am I?"
The orc priest is engulfed in noxious fumes.
The orc priest appears confused.
The orc priest hits the warg with a short sword of speed.
The warg pauses to sniff the ground.
The warg bites you!
You die...

##..........
#...........
####........$. .
##.#......###.....
#..........# ....
#..........##
..... ##......)<.#
#.....
##>...§.o###......
##...§O§h@......#
##.#§§.........#
#####........##
#.......##
##........#
#[....#..##
#.....#### ##.##.#
####[# ### ##


You could see a warg, an ogre (confused) and an orc priest (confused).

Vanquished Creatures
  Fannar (D:11)
  A hydra (D:10)
  2 two-headed ogres
  2 oklob plants (D:11)
  An orc sorcerer (Orc:1)
  2 ugly things (D:11)
  A spiny frog (Lair:1)
  A hornet (D:11)
  4 trolls
  Prince Ribbit (D:5)
  2 dream sheep (D:10)
  3 hippogriffs
  A shadow (D:10)
  A wyvern (Lair:1)
  12 yaks
  Eustachio (D:5)
  Menkaure (D:5)
  A warg (D:10)
  A porcupine (Lair:1)
  A water moccasin (D:8)
  A swamp drake (D:10)
  Duvessa (D:5)
  6 orc warriors
  An ice beast (D:9)
  A sky beast (D:9)
  4 black bears
  A hornet zombie (D:10)
  A necrophage (D:6)
  2 phantoms
  4 ogres
  9 centaurs
  5 big kobolds
  7 bullfrogs
  Dowan (D:5)
  4 scorpions
  10 killer bees
  3 howler monkeys
  A crimson imp (D:8)
  A quasit (D:10)
  2 jellies
  A centaur skeleton (D:4)
  4 orc priests
  3 hounds
  A bullfrog skeleton (D:4)
  2 iguanas
  A gnoll shaman (D:4)
  Ijyb (D:5)
  11 orc wizards
  7 worker ants
  A killer bee zombie (D:7)
  A hound zombie (D:11)
  2 hound skeletons
  A worker ant zombie (D:10)
  8 mummies (Ossuary)
  9 gnolls
  11 adders
  A howler monkey skeleton (D:5)
  A shadow imp (D:9)
  2 adder skeletons
  2 dart slugs
  8 leopard geckos
  48 orcs
  A ball python (D:4)
  5 giant cockroaches
  2 gnoll zombies (Ossuary)
  9 hobgoblins
  11 jackals
  18 kobolds
  2 quokkas
  11 bats
  8 frilled lizards
  4 goblins
  2 hobgoblin zombies (Ossuary)
  2 kobold zombies (Ossuary)
  A leopard gecko skeleton (D:8)
  A leopard gecko zombie (D:7)
  2 orc zombies (Ossuary)
  8 rats
  A plant (D:11)
319 creatures vanquished.

Vanquished Creatures (others)
  An orc wizard (D:10)
  An orc (D:11)
  4 plants
6 creatures vanquished.

Grand Total: 325 creatures vanquished

Notes
Turn   | Place    | Note
-------+----------+-------------------------------------------
     0 | D:1      | iamserjio the Octopode Conjurer began the quest for the Orb.
     0 | D:1      | Reached XP level 1. HP: 11/11 MP: 3/3
   512 | D:1      | Reached XP level 2. HP: 17/17 MP: 3/5
  1090 | D:1      | Reached XP level 3. HP: 21/21 MP: 2/6
  1849 | D:1      | Reached XP level 4. HP: 20/27 MP: 2/7
  1853 | D:1      | Learned a level 2 spell: Searing Ray
  1972 | D:2      | Found a shimmering altar of Xom.
  2518 | D:2      | Learned a level 3 spell: Dazzling Spray
  2653 | D:3      | Reached skill level 5 in Stealth
  2653 | D:3      | Reached XP level 5. HP: 31/31 MP: 5/9
  2744 | D:3      | Found a white marble altar of Elyvilon.
  3531 | D:3      | Found a bloodstained altar of Trog.
  3645 | D:4      | Reached XP level 6. HP: 31/36 MP: 1/10
  4017 | D:4      | Reached skill level 5 in Conjurations
  4605 | D:4      | Reached XP level 7. HP: 16/41 MP: 3/12
  4810 | D:4      | Found Jacan's General Store.
  4828 | D:4      | Bought 2 potions of heal wounds for 100 gold pieces
  5052 | D:4      | Reached skill level 6 in Conjurations
  5302 | D:4      | Found a staircase to the Ecumenical Temple.
  5323 | Temple   | Entered the Ecumenical Temple
  5339 | Temple   | Became a worshipper of Vehumet
  5580 | D:5      | Entered Level 5 of the Dungeon
  5585 | D:5      | Noticed Prince Ribbit
  5593 | D:5      | Killed Prince Ribbit
  5593 | D:5      | Reached skill level 7 in Conjurations
  5593 | D:5      | Reached XP level 8. HP: 40/46 MP: 5/15
  5715 | D:5      | Noticed Ijyb
  5725 | D:5      | Paralysed by Ijyb for 4 turns
  5731 | D:5      | Killed Ijyb
  5862 | D:5      | Learned a level 4 spell: Iskenderun's Mystic Blast
  5978 | D:5      | Noticed Duvessa
  5989 | D:5      | Noticed Dowan
  5994 | D:5      | Killed Duvessa
  5994 | D:5      | Reached skill level 5 in Spellcasting
  6189 | D:6      | Found a sand-covered staircase.
  6202 | Ossuary  | Entered an ossuary
  6836 | D:6      | Reached skill level 8 in Conjurations
  6883 | D:6      | Found a stormy altar of Qazlal.
  6886 | D:6      | Noticed a water elemental
  6886 | D:6      | Noticed an air elemental
  7052 | D:5      | Found an ornate altar of the Wu Jian Council.
  7103 | D:5      | Noticed Eustachio
  7113 | D:5      | Killed Eustachio
  7132 | D:5      | Reached * piety under Vehumet
  7132 | D:5      | Offered knowledge of Freeze by Vehumet.
  7145 | D:5      | Learned a level 1 spell: Freeze
  7384 | D:5      | Killed Dowan
  7405 | D:5      | Noticed Menkaure
  7418 | D:5      | Killed Menkaure
  7418 | D:5      | Reached skill level 1 in Fighting
  7418 | D:5      | Reached XP level 9. HP: 49/53 MP: 17/17
  7560 | D:5      | Learned a level 1 spell: Confusing Touch
  7767 | D:6      | Found a basalt altar of Yredelemnul.
  7874 | D:6      | Reached skill level 9 in Conjurations
  7949 | D:6      | Found a burning altar of Makhleb.
  8512 | D:7      | Learned a level 3 spell: Mephitic Cloud
  8515 | D:7      | Learned a level 2 spell: Blink
  8519 | D:7      | Learned a level 3 spell: Conjure Flame
  8745 | D:7      | Offered knowledge of Flame Tongue by Vehumet.
  8759 | D:7      | Reached ** piety under Vehumet
  9200 | D:8      | Found a sparkling altar of Nemelex Xobeh.
  9310 | D:8      | Got a translucent turquoise ring
  9311 | D:8      | Identified the ring "Defiufil" {rElec rC++ Dex+4} (You found it on level 8 of the Dungeon)
  9358 | D:8      | Reached skill level 10 in Conjurations
 10366 | D:9      | Found a glowing silver altar of Zin.
 10500 | D:9      | Reached XP level 10. HP: 62/62 MP: 19/19
 10708 | D:9      | Reached skill level 1 in Translocations
 10708 | D:9      | Reached skill level 1 in Fire Magic
 11269 | D:9      | Offered knowledge of Throw Flame by Vehumet.
 11299 | D:8      | Reached skill level 5 in Dodging
 11450 | D:8      | Learned a level 2 spell: Throw Flame
 11527 | D:10     | Entered Level 10 of the Dungeon
 12008 | D:10     | Reached *** piety under Vehumet
 12249 | D:9      | Got an encrusted dagger
 12250 | D:9      | Identified the +9 dagger of Ciniyh {pierce, +Inv} (You found it on level 9 of the Dungeon)
 12539 | D:9      | Found a hide-covered altar of Uskayaw.
 12543 | D:9      | Found a glowing golden altar of the Shining One.
 12546 | D:9      | Found an ancient bone altar of Kikubaaqudgha.
 12779 | D:10     | Offered knowledge of Sticky Flame by Vehumet.
 12779 | D:10     | Reached skill level 5 in Fighting
 12976 | D:10     | Noticed a two-headed ogre
 13015 | D:10     | Killed a two-headed ogre
 13394 | D:10     | Reached skill level 1 in Poison Magic
 13784 | D:10     | Reached XP level 11. HP: 72/72 MP: 21/21
 13968 | D:10     | Found a staircase to the Orcish Mines.
 14002 | D:10     | Reached **** piety under Vehumet
 14544 | D:10     | Offered knowledge of Throw Icicle by Vehumet.
 14673 | D:11     | Noticed a brown ugly thing
 14696 | D:11     | Killed a brown ugly thing
 15164 | D:10     | Noticed a three-headed hydra
 15255 | D:10     | Identified 2 scrolls of acquirement
 15256 | D:10     | Got a faintly glowing iron ring
 15260 | D:10     | Identified the ring of the Pariah {rN+ SInv} (You acquired it on level 10 of the Dungeon)
 15301 | D:10     | Killed a three-headed hydra
 15301 | D:10     | Reached skill level 5 in Fire Magic
 15409 | D:11     | Noticed a red ugly thing
 15423 | D:11     | Reached skill level 11 in Conjurations
 15430 | D:11     | Noticed an oklob plant
 15433 | D:11     | Killed an oklob plant
 15435 | D:11     | Found a staircase to the Lair.
 15440 | D:11     | Noticed an oklob plant
 15563 | D:11     | Killed an oklob plant
 16299 | D:11     | Noticed a two-headed ogre
 16317 | D:11     | Killed a two-headed ogre
 16516 | D:11     | Noticed Fannar
 16533 | D:11     | Killed Fannar
 16574 | D:11     | Learned a level 4 spell: Throw Icicle
 16691 | D:11     | Killed a red ugly thing
 16691 | D:11     | Reached XP level 12. HP: 56/80 MP: 10/24
 16853 | Lair:1   | Entered Level 1 of the Lair of Beasts
 17266 | Lair:1   | Noticed azzavlup's ghost (novice DsAK)
 17491 | D:4      | Bought a scroll of identify for 20 gold pieces
 17491 | D:4      | Bought a potion of ambrosia for 80 gold pieces
 17491 | D:4      | Bought a scroll of remove curse for 30 gold pieces
 17491 | D:4      | Bought a potion of brilliance for 40 gold pieces
 17688 | Orc:1    | Entered Level 1 of the Orcish Mines
 18159 | D:10     | Reached skill level 1 in Shields
 18501 | Orc:1    | Found Estrighawk's Distillery.
 18550 | Orc:1    | Paralysed by an orc sorcerer for 6 turns
 18862 | Orc:1    | Noticed a two-headed ogre
 19358 | Orc:1    | HP: 2/80 [warg (14)]
 19359 | Orc:1    | Slain by a warg

Skill      XL: |  1  2  3  4  5  6  7  8  9 10 11 12 |
---------------+-------------------------------------+-----
Stealth        | 3 4 5 6 7 8 |  8.0
Dodging        | 3 4 6 7 |  7.6
Spellcasting   | 3 4 5 6 7 8 |  8.3
Conjurations   | 5 7 8 10 11 | 11.4
Fighting       | 1 3 5 6 |  6.9
Translocations | 1 |  1.7
Fire Magic     | 3 6 7 |  7.4
Poison Magic   | 1 |  1.0
Shields        | 1 |  1.5

Action                   |  1- 3 |  4- 6 |  7- 9 | 10-12 || total
-------------------------+-------+-------+-------+-------++-------
Melee: Unarmed           |     8 |       |       |       ||     8
       Constrict         |    10 |     7 |    17 |    13 ||    47
       Short sword       |     4 |       |       |       ||     4
       Tentacles         |     4 |     5 |    10 |    15 ||    34
       Dagger            |    22 |    23 |    25 |    55 ||   125
       Rapier            |       |       |    22 |       ||    22
       Spear             |       |       |     2 |       ||     2
       Hand axe          |       |       |    12 |     9 ||    21
 Cast: Magic Dart        |    56 |    40 |   162 |   182 ||   440
       Searing Ray       |       |    16 |    50 |    79 ||   145
       Mephitic Cloud    |       |       |       |    24 ||    24
       Dazzling Spray    |       |       |       |     4 ||     4
       Iskenderun's Myst |       |       |       |    54 ||    54
Evoke: Wand              |       |       |       |     2 ||     2
  Use: Scroll            |       |       |    20 |    13 ||    33
       Potion            |       |       |       |     8 ||     8
 Stab: Sleeping          |     7 |     9 |     5 |     1 ||    22
       Confused          |       |       |       |     3 ||     3
  Eat: Chunk             |     3 |     9 |    14 |    22 ||    48
       Ration            |       |       |     1 |     3 ||     4
Armor: Skin              |     4 |     2 |    13 |    17 ||    36
Dodge: Dodged            |    33 |    34 |    79 |   198 ||   344
Block: Shield            |       |       |       |    23 ||    23
